 Dungeon Crawl Stone Soup version 0.23-a0-370-gf497b7c (webtiles) character file.

1179897 galech the Conqueror (level 27, -29/174 HPs)
             Began as a Demonspawn Fighter on Oct 23, 2018.
             Was the Champion of Okawaru.
             Killed from afar by Lom Lobon (54 damage)
             ... with a great icy blast
             ... in Pandemonium on Oct 24, 2018.
             The game lasted 04:13:06 (94131 turns).

galech the Conqueror (Demonspawn Fighter)          Turns: 94131, Time: 04:13:07

Health: -29/174    AC: 49    Str: 24    XL:     27
Magic:  0/39       EV: 27    Int:  4    God:    Okawaru [******]
Gold:   9753       SH: 22    Dex: 34    Spells: 26/26 levels left

rFire    + + .     SeeInvis .   G - +7 broad axe of the Secret Runes {drain, rN+ Stlth+}
rCold    . . .     Gourm    .   C - +2 shield of Mirth {rElec Int-2 Dex+4 Slay+5}
rNeg     + + +     Faith    .   v - +9 gold dragon scales
rPois    +         Spirit   +   (helmet unavailable)
rElec    +         Reflect  .   K - +2 cloak {MR+}
rCorr    .         Harm     .   R - +3 pair of gauntlets of War {Slay+5}
MR       +++..                  H - +2 pair of boots {run}
Stlth    +.........             o - amulet "Ziraotz" {*Corrode Regen+ Dex+6 Slay+5}
HPRegen  0.79/turn              z - ring "Olefunnef" {rElec rF+ rC- MP+9 Str+5}
MPRegen  0.52/turn              A - ring "Feones" {rN+ Stlth+}

@: mighty, about to teleport, heroism, finesse, corroded, sanguine armour,
flying (expiring), very slightly contaminated, heavily drained, quick
A: horns 3, clumsy 1, deformed body, dopey 2, frail 3, negative energy
resistance 1, powered by pain 3, shaggy fur 1, 50% torment resistance, weak 1,
magic shield, magic regeneration, magic link, no potion heal 2, black mark,
subdued magic 1, MP-powered wands, sanguine armour 3
}: 11/15 runes: decaying, slimy, silver, iron, obsidian, icy, bone, abyssal,
demonic, dark, gossamer
a: Heroism, Finesse, Renounce Religion


You were in Pandemonium.
You worshipped Okawaru.
Okawaru was exalted by your worship.
You were hungry.

You visited 17 branches of the dungeon, and saw 86 of its levels.
You visited Pandemonium 1 time, and saw 10 of its levels.
You visited the Abyss 1 time.
You visited 1 bazaar.
You also visited: Ossuary and Ice Cave.

You collected 13642 gold pieces.
You spent 3889 gold pieces at shops.

Inventory:

Hand Weapons
 e - the +10 broad axe "Zexeas" {chaos, rPois rC++ rN+ Int-5}
   (Okawaru gifted it to you on level 7 of Gehenna)

   Each time it hits an enemy it has a different, random effect.
   It affects your intelligence (-5).
   It greatly protects you from cold.
   It protects you from poison.
   It protects you from negative energy.
 F - the +6 hand axe "Kerph" {chop, +Blink rN+ Int+4 SInv}
   (You took it off an iron imp on level 7 of the Iron City of Dis)

   It inflicts extra damage upon your enemies.
   It affects your intelligence (+4).
   It protects you from negative energy.
   It lets you see invisible.
   It lets you blink.
 G - the +7 broad axe of the Secret Runes (weapon) {drain, rN+ Stlth+}
   (You found it on level 6 of the Lair of Beasts)

   A truly terrible weapon, it drains the life of those it strikes.
   It protects you from negative energy.
   It makes you more stealthy.
Armour
 c - a +0 pair of boots of flying
 m - the +6 acid dragon scales "Oriulyl" {rC+ Regen+ rCorr SInv}
   (Okawaru gifted it to you on level 1 of Tartarus)

   It protects you from cold.
   It lets you see invisible.
   It increases your rate of regeneration.
   It provides partial protection from all sources of acid and corrosion.
 v - +9 gold dragon scales (worn)
 C - the +2 shield of Mirth (worn) {rElec Int-2 Dex+4 Slay+5}
   (Okawaru gifted it to you on level 4 of the Depths)

   It affects your intelligence (-2).
   It affects your dexterity (+4).
   It affects your accuracy and damage with ranged weapons and melee attacks
   (+5).
   It insulates you from electricity.
 H - a +2 pair of boots of running (worn)
 K - a +2 cloak of magic resistance (worn)
 P - the +7 crystal plate armour of Abstinence {MR+}
   (Okawaru gifted it to you in Pandemonium)

   It affects your resistance to hostile enchantments.
 R - the +3 pair of gauntlets of War (worn) {Slay+5}
   (You found it on level 5 of the Pits of Slime)

   It affects your accuracy and damage with ranged weapons and melee attacks
   (+5).
 V - the +4 chain mail "Zohuco" {MR+ SInv}
   (Okawaru gifted it to you on level 2 of the Elven Halls)

   It affects your resistance to hostile enchantments.
   It lets you see invisible.
Jewellery
 o - the amulet "Ziraotz" (around neck) {*Corrode Regen+ Dex+6 Slay+5}
   (You found it on level 3 of the Crypt)

   [amulet of regeneration]

   It affects your dexterity (+6).
   It affects your accuracy and damage with ranged weapons and melee attacks
   (+5).
   It increases your rate of regeneration.
   It may corrode you when you take damage.
 p - the ring "Fuci" {-Tele *Drain rPois MR+ Str+7 Dex+2}
   (You took it off a yaktaur on level 4 of the Depths)

   [ring of dexterity]

   It affects your strength (+7).
   It affects your dexterity (+2).
   It protects you from poison.
   It affects your resistance to hostile enchantments.
   It prevents most forms of teleportation.
   It causes draining when unequipped.
 y - the ring of Wonder {rElec rF+ rC+}
   (You took it off a deep elf mage on level 3 of the Elven Halls)

   [ring of protection from fire]

   It protects you from fire.
   It protects you from cold.
   It insulates you from electricity.
 z - the ring "Olefunnef" (left hand) {rElec rF+ rC- MP+9 Str+5}
   (You found it on level 2 of the Elven Halls)

   [ring of protection from fire]

   It affects your strength (+5).
   It protects you from fire.
   It makes you vulnerable to cold.
   It insulates you from electricity.
   It affects your magic capacity (+9).
 A - the ring "Feones" (right hand) {rN+ Stlth+}
   (You found it on level 3 of the Crypt)

   [ring of positive energy]

   It protects you from negative energy.
   It makes you more stealthy.
 J - an uncursed ring of protection from magic
 W - the amulet "Qicadevo" {Acrobat *Slow rElec rN+ MR++}
   (You took it off a warmonger in Pandemonium)

   [amulet of the acrobat]

   It helps you evade while moving and waiting.
   It insulates you from electricity.
   It protects you from negative energy.
   It affects your resistance to hostile enchantments.
   It may slow you when you take damage.
Wands
 N - a wand of digging (48)
Scrolls
 b - 11 scrolls of magic mapping
 k - 14 scrolls of fear
 n - 23 scrolls of teleportation
 q - 31 scrolls of remove curse
 t - a scroll of summoning
 u - 2 scrolls of amnesia
 B - 6 scrolls of blinking
 D - 32 scrolls of identify
 E - 12 scrolls of fog
 M - a scroll of enchant weapon
 Q - a scroll of brand weapon
 S - a scroll of acquirement
 T - 3 scrolls of silence
Potions
 d - 18 potions of might
 g - 24 potions of curing
 h - 12 potions of flight
 i - 12 potions of ambrosia
 j - a potion of resistance
 l - 3 potions of magic
 r - 5 potions of cancellation
 s - 10 potions of agility
 w - 8 potions of brilliance
 x - 7 potions of invisibility
 I - 3 potions of mutation
 L - 3 potions of berserk rage
 O - 11 potions of haste
 U - 3 potions of heal wounds
Miscellaneous
 a - the horn of Geryon
Comestibles
 f - 104 rations


   Skills:
 O Level 27(24.1) Fighting
 O Level 27(24.1) Axes
   Level 7.6(22.0) Polearms
 * Level 20.5(22.7) Armour
 * Level 26.4(24.1) Dodging
 - Level 9.7(12.5) Stealth
 O Level 27(24.1) Shields
 - Level 10.0(8.0) Invocations
 - Level 0.4(0.0) Evocations


You had 26 spell levels left.
You didn't know any spells.
Your spell library contained the following spells:

 Spells                   Type           Power        Failure   Level  Hunger
 Animate Skeleton         Necr           N/A          100%        1    ##.....
 Apportation              Tloc           #.....       100%        1    ##.....
 Beastly Appendage        Tmut           #.....       100%        1    ##.....
 Confusing Touch          Hex            #.....       100%        1    ##.....
 Corona                   Hex            #......      100%        1    ##.....
 Flame Tongue             Conj/Fire      #....        100%        1    ##.....
 Freeze                   Ice            #...         100%        1    ##.....
 Infusion                 Chrm           #...         100%        1    ##.....
 Magic Dart               Conj           #...         100%        1    ##.....
 Pain                     Necr           #...         100%        1    ##.....
 Shock                    Conj/Air       #...         100%        1    ##.....
 Sting                    Conj/Pois      #...         100%        1    ##.....
 Summon Small Mammal      Summ           #...         100%        1    ##.....
 Blink                    Tloc           N/A          100%        2    ###....
 Call Imp                 Summ           #.......     100%        2    ###....
 Corpse Rot               Necr           N/A          100%        2    ###....
 Ensorcelled Hibernation  Hex/Ice        #.....       100%        2    ###....
 Poisonous Vapours        Pois/Air       #.....       100%        2    ###....
 Searing Ray              Conj           #.....       100%        2    ###....
 Shroud of Golubria       Chrm/Tloc      #.........   100%        2    ###....
 Slow                     Hex            #.......     100%        2    ###....
 Sticks to Snakes         Tmut           #.......     100%        2    ###....
 Sublimation of Blood     Necr           #.........   100%        2    ###....
 Swiftness                Chrm/Air       #.......     100%        2    ###....
 Throw Flame              Conj/Fire      #.....       100%        2    ###....
 Throw Frost              Conj/Ice       #.....       100%        2    ###....
 Call Canine Familiar     Summ           #.......     100%        3    ####...
 Confuse                  Hex            #.......     100%        3    ####...
 Conjure Flame            Conj/Fire      #.......     100%        3    ####...
 Dazzling Spray           Conj/Hex       #.....       100%        3    ####...
 Gell's Gravitas          Tloc           #.........   100%        3    ####...
 Ignite Poison            Fire/Tmut/Pois #.......     100%        3    ####...
 Inner Flame              Hex/Fire       #.......     100%        3    ####...
 Mephitic Cloud           Conj/Pois/Air  #.......     100%        3    ####...
 Ozocubu's Armour         Chrm/Ice       #.......     100%        3    ####...
 Portal Projectile        Hex/Tloc       #.....       100%        3    ####...
 Recall                   Summ/Tloc      N/A          100%        3    ####...
 Regeneration             Chrm/Necr      #.........   100%        3    ####...
 Spider Form              Tmut/Pois      #.........   100%        3    ####...
 Static Discharge         Conj/Air       #.......     100%        3    ####...
 Summon Guardian Golem    Hex/Summ       #.......     100%        3    ####...
 Teleport Other           Tloc           #.......     100%        3    ####...
 Tukima's Dance           Hex            #.......     100%        3    ####...
 Vampiric Draining        Necr           #.........   100%        3    ####...
 Airstrike                Air            #.........   100%        4    #####..
 Animate Dead             Necr           N/A          100%        4    #####..
 Cause Fear               Hex            #.........   100%        4    #####..
 Force Lance              Conj/Tloc      #.......     100%        4    #####..
 Fulminant Prism          Conj/Hex       #.........   100%        4    #####..
 Ice Form                 Ice/Tmut       #.......     100%        4    #####..
 Iskenderun's Mystic Bla  Conj           #.......     100%        4    #####..
 Leda's Liquefaction      Hex/Erth       #.........   100%        4    #####..
 Petrify                  Tmut/Erth      #.......     100%        4    #####..
 Sticky Flame             Conj/Fire      #.......     100%        4    #####..
 Summon Ice Beast         Ice/Summ       #.......     100%        4    #####..
 Summon Lightning Spire   Summ/Air       #.......     100%        4    #####..
 Throw Icicle             Conj/Ice       #.......     100%        4    #####..
 Agony                    Necr           #.......     100%        5    ######.
 Alistair's Intoxication  Tmut/Pois      #.......     100%        5    ######.
 Blade Hands              Tmut           #.........   100%        5    ######.
 Bolt of Draining         Conj/Necr      #.........   100%        5    ######.
 Bolt of Magma            Conj/Fire/Erth #.........   100%        5    ######.
 Borgnjor's Vile Clutch   Necr/Erth      #.........   100%        5    ######.
 Dispel Undead            Necr           #.......     100%        5    ######.
 Excruciating Wounds      Chrm/Necr      #.........   100%        5    ######.
 Fireball                 Conj/Fire      #.........   100%        5    ######.
 Irradiate                Conj/Tmut      #.........   100%        5    ######.
 Iskenderun's Battlesphe  Conj/Chrm      #.......     100%        5    ######.
 Lightning Bolt           Conj/Air       #.........   100%        5    ######.
 Metabolic Englaciation   Hex/Ice        #.........   100%        5    ######.
 Silence                  Hex/Air        #.........   100%        5    ######.
 Summon Demon             Summ           #.........   100%        5    ######.
 Summon Mana Viper        Hex/Summ       #.......     100%        5    ######.
 Venom Bolt               Conj/Pois      #.........   100%        5    ######.
 Yara's Violent Unravell  Hex/Tmut       #.........   100%        5    ######.
 Bolt of Fire             Conj/Fire      #.........   100%        6    #######
 Conjure Ball Lightning   Conj/Air       #.........   100%        6    #######
 Darkness                 Hex            #.........   100%        6    #######
 Death Channel            Necr           #.........   100%        6    #######
 Deflect Missiles         Chrm/Air       #.........   100%        6    #######
 Freezing Cloud           Conj/Ice/Air   #.........   100%        6    #######
 Hydra Form               Tmut           #.........   100%        6    #######
 Iron Shot                Conj/Erth      #.........   100%        6    #######
 Ozocubu's Refrigeration  Ice            #.........   100%        6    #######
 Poison Arrow             Conj/Pois      #.........   100%        6    #######
 Shadow Creatures         Summ           N/A          100%        6    #######
 Simulacrum               Ice/Necr       #.........   100%        6    #######
 Statue Form              Tmut/Erth      #........    100%        6    #######
 Dragon Form              Tmut           #.........   100%        7    #######
 Haunt                    Necr/Summ      #.........   100%        7    #######
 Orb of Destruction       Conj           #.........   100%        7    #######
 Ring of Flames           Chrm/Fire      #.........   100%        7    #######
 Spellforged Servitor     Conj/Summ      #.........   100%        7    #######
 Borgnjor's Revivificati  Necr           #.........   100%        8    #######
 Chain Lightning          Conj/Air       #.........   100%        8    #######
 Controlled Blink         Tloc           N/A          100%        8    #######
 Death's Door             Chrm/Necr      #.........   100%        8    #######
 Discord                  Hex            #.........   100%        8    #######
 Ignition                 Fire           #.........   100%        8    #######
 Infestation              Necr           #.........   100%        8    #######
 Lehudib's Crystal Spear  Conj/Erth      #.........   100%        8    #######
 Necromutation            Tmut/Necr      #.........   100%        8    #######
 Fire Storm               Conj/Fire      #.........   100%        9    #######
 Glaciate                 Conj/Ice       #.........   100%        9    #######
 Shatter                  Erth           #.........   100%        9    #######
 Tornado                  Air            #.........   100%        9    #######


Dungeon Overview and Level Annotations

Branches:
Dungeon (15/15)            Temple (1/1) D:6            Lair (6/6) D:9
  Swamp (4/4) Lair:4       Spider (4/4) Lair:3        Slime (5/5) Lair:6
    Orc (2/2) D:11            Elf (3/3) Orc:2        Vaults (5/5) D:13
  Crypt (3/3) Vaults:2       Tomb (0/3) Crypt:3      Depths (5/5) D:15
   Hell (1/1)                 Dis (7/7) Hell            Geh (7/7) Hell
    Coc (7/7) Hell            Tar (7/7) Hell            Zot (4/5) Depths:5

Altars:
Cheibriados
Dithmenos
Elyvilon
Fedhas
Gozag
Hepliaklqana
Kikubaaqudgha
Makhleb
Nemelex Xobeh
Okawaru
Qazlal
Ru
Sif Muna
Trog
Uskayaw
Vehumet
Wu Jian
Xom
Yredelemnul
Zin
The Shining One
Beogh
Jiyva

Shops:
D:5 [   D:7 !   D:13 ?   D:15 %   Orc:2 ?%[*   Elf:1 :   Elf:2 **   Vaults:2 *
Vaults:3 *   Depths:1 }

Portals:
Hell: Depths:1 Depths:2 Depths:3 Depths:4 Depths:5
Abyss: Depths:1 Depths:4 Depths:5
Pandemonium: Depths:2 Depths:3
Ziggurat: Depths:5

Annotations:
Pan Lom Lobon


Innate Abilities, Weirdness & Mutations

You have a pair of large horns on your head.
You resist negative energy. (rN+)
You are powered by pain.
You are somewhat able to resist unholy torments (1 in 2 success).
When hurt, damage is shared between your health and your magic reserves.
You regenerate magic rapidly.
When low on magic, you restore magic in place of health.
Your melee attacks may debilitate your foes.
When seriously injured, your bleeding wounds create very thick armour. (AC +12)
You are clumsy. (Dex -2)
Armour fits poorly on your strangely shaped body.
You are very dopey. (Int -4)
You are extremely frail. (-30% HP)
You are covered in fur. (AC +1)
You are weak. (Str -2)
Potions are poor at restoring your health.
Your spells are a little easier to cast, but a little less powerful.
You expend magic power (3 MP) to strengthen your wands.


Message History

The ball lightning completely resists.
The blast of lightning engulfs the ball lightning.
The ball lightning completely resists.
The blast of lightning engulfs you!
Your system partially rejects the healing.
You feel much better.
The ball lightning explodes!
The blast of lightning engulfs you! You resist.
The blast of lightning engulfs the ball lightning.
The ball lightning completely resists.
The ball lightning explodes!
The blast of lightning engulfs you!
Your system partially rejects the healing.
You feel much better.
The vortex of raging winds lifts you up.
You fly up into the air.
* * * LOW HITPOINT WARNING * * *
Lom Lobon gestures at you.
Lom Lobon conjures a mighty blast of ice!
The great icy blast engulfs you!
You die...

##### ###@§§###
##§§§§§§§##
#§§§§§§§§.#+
##§§&§§§§§..#
#§§§§§§§§...##
##§§§§§§§§§...#
##§§§§§§§§§§...#
≈≈#.§§§§§§§§§§...#
≈≈≈..§§§.8§§§.§..#


You could see Lom Lobon.

Vanquished Creatures
  Asmodeus (Geh:7)
  Antaeus (Coc:7)
  the Royal Jelly (Slime:5)
  Ereshkigal (Tar:7)
  Gloorx Vloq (Pan)
  Dispater (Dis:7)
  Mennas (Vaults:3)
  An ancient lich (Vaults:5)
  A juggernaut (Depths:4)
  Sojobo (Depths:4)
  20 shard shrikes
  The ghost of YrmMerkstave the Bringer of Law, a veteran MiFi of Zin (Crypt:1)
  A Killer Klown (Zot:4)
  Geryon (Hell)
  2 curse toes
  9 golden dragons
  Nikola (Swamp:4)
  9 bone dragons
  A profane servitor (Crypt:3)
  40 Tzitzimimeh
  9 iron giants
  7 doom hounds
  14 liches
  8 pandemonium lords (Pan)
  20 Brimstone Fiends
  Arachne (Spider:2)
  Jorgrun (Spider:1)
  15 Hell Sentinels
  20 Ice Fiends
  The ghost of Muecso the Tortoise, an adept GrFi of Makhleb (Crypt:1)
  22 tentacled monstrosities
  9 quicksilver dragons
  9 titans
  2 deep elf blademasters (Elf:3)
  Murray (Hell)
  16 acid blobs
  2 deep elf master archers (Elf:3)
  3 death cobs
  20 storm dragons
  21 Executioners
  3 tentacled starspawn (Abyss:5)
  13 shadow dragons
  5 eldritch tentacles
  6 sphinxes
  Kirke (D:12)
  10 ancient champions
  7 tengu reavers
  Roxanne (D:15)
  5 draconian monks
  2 revenants (Crypt:1)
  A thorn hunter (Swamp:4)
  Donald (Elf:3)
  14 fire giants
  13 frost giants
  7 azure jellies
  2 draconian knights
  10 iron dragons
  5 curse skulls
  19 balrugs
  A draconian scorcher (Depths:5)
  6 emperor scorpions
  12 deep elf sorcerers
  8 ghost moths
  20 cacodemons
  3 orc warlords
  18 vault wardens
  8 warmongers (Pan)
  3 draconian stormcallers
  5 ghouls (Crypt:3)
  An elemental wellspring (Coc:7)
  4 deep elf elementalists
  A draconian shifter (Zot:4)
  An entropy weaver (shapeshifter) (Depths:4)
  15 ironheart preservers
  66 reapers
  The ghost of Nattefrost the Carver, a journeyman HuFi of Okawaru (Lair:4)
  22 war gargoyles
  27 very ugly things
  2 spriggan defenders
  3 draconian annihilators
  2 entropy weavers
  9 blood saints (Pan)
  20 stone giants
  7 black suns (Pan)
  4 corrupters (Pan)
  6 vampire knights
  5 deep elf demonologists
  2 black draconians
  24 starcursed masses
  4 green draconians
  A dire elephant (D:15)
  11 lorocyprocas
  The ghost of Tenar the Thaumaturge, a journeyman DEIE of Vehumet (D:13)
  Azrael (Elf:2)
  5 red draconians
  7 yellow draconians
  9 deep elf annihilators
  7 purple draconians
  5 white draconians
  3 spark wasps
  A minotaur (Lair:3)
  8 eidola
  14 ettins
  The ghost of Charly the Fighter, a journeyman OgFi of Wu Jian (Lair:3)
  8 deep elf death magi
  10 quicksilver dragon zombies
  26 blizzard demons
  4 green deaths
  11 death oozes (Slime:5)
  2 mummy priests
  Josephine (D:11)
  6 jiangshi
  9 fire dragons
  A kraken zombie (Coc:6)
  4 deep elf high priests
  16 yaktaur captains
  18 great orbs of eyes
  Fannar (D:11)
  28 ice dragons
  7 monstrous demonspawn (Pan)
  14 hydras
  5 spriggan air magi
  6 rakshasas
  3 hell beasts (Pan)
  20 small abominations
  30 vault guards
  3 ghost crabs
  3 quicksilver dragon skeletons
  10 death knights
  5 shambling mangroves
  13 ogre magi
  35 two-headed ogres
  30 dancing weapons
  4 catoblepae
  12 centaur warriors
  A death yak (IceCv)
  9 deep troll shamans
  9 deep troll earth magi
  7 tengu warriors
  3 alligators
  6 titan zombies
  A queen ant (Lair:2)
  A satyr (shapeshifter) (Depths:2)
  3 vampire magi
  19 thrashing horrors
  16 hell hogs
  5 orc high priests
  46 hell knights
  A storm dragon zombie (Dis:2)
  13 spriggan berserkers
  35 soul eaters
  7 iron golems
  21 shadow wraiths
  29 deep elf knights
  39 sun demons
  13 iron trolls
  4 wretched stars
  21 sixfirhies
  9 titan skeletons
  10 glowing orange brains
  4 infernal demonspawn (Pan)
  4 golden dragon zombies
  A spriggan druid (Swamp:4)
  A deep troll (shapeshifter) (D:13)
  2 spatial maelstroms
  A death drake (Tar:7)
  105 skeletal warriors
  9 torturous demonspawn
  3 storm dragon skeletons
  A spark wasp zombie (Hell)
  28 deep trolls
  A ghost moth zombie (Geh:7)
  13 unseen horrors
  A death drake (shapeshifter) (Vaults:5)
  28 shadow demons
  20 flayed ghosts
  12 anaconda zombies
  3 wizards
  11 gelid demonspawn (Pan)
  An unseen horror (shapeshifter) (Depths:2)
  4 shadow dragon zombies
  11 swamp dragons
  15 orc knights
  21 ironbrand convokers
  4 harpies (Vaults:4)
  4 kraken simulacra (Coc:7)
  16 necromancers
  43 phantasmal warriors
  8 anaconda skeletons
  Pikel (D:4)
  5 golden dragon skeletons
  25 deep elf archers
  11 orb spiders
  An oklob plant (D:13)
  A wolf spider (shapeshifter) (Vaults:5)
  13 fire giant zombies
  A faun (shapeshifter) (Vaults:5)
  5 shadow dragon skeletons
  9 wolf spider zombies
  A salamander (shapeshifter) (Vaults:2)
  20 moths of wrath
  5 iron dragon zombies
  11 frost giant zombies
  43 wolf spiders
  77 deep elf magi
  8 orc sorcerers
  12 stone giant zombies
  31 ugly things
  A guardian serpent (shapeshifter) (Vaults:2)
  5 manticores
  A tengu skeleton (Depths:3)
  5 shining eyes
  2 worldbinders (Abyss:5)
  8 cyclopes
  2 salamanders
  4 fire giant skeletons
  A moth of wrath (shapeshifter) (Vaults:5)
  A cyclops (shapeshifter) (Vaults:1)
  4 iron dragon skeletons
  2 apocalypse crabs (Abyss:5)
  14 vault sentinels
  11 stone giant skeletons
  2 eyes of devastation (Slime:5)
  4 shock serpent zombies
  7 frost giant skeletons
  19 elephants
  A naga mage (Abyss:3)
  3 black mambas
  2 shock serpent skeletons
  44 rust devils
  6 dire elephant zombies
  Psyche (D:10)
  22 orange demons
  35 smoke demons
  4 storm dragon simulacra (Coc:7)
  5 torpor snails
  16 spiny frogs
  17 molten gargoyles
  4 ice statues
  3 gargoyles
  6 titan simulacra (Coc:7)
  2 efreet
  7 anaconda simulacra
  2 rime drakes (shapeshifter)
  3 catoblepas zombies
  A spark wasp simulacrum (Depths:3)
  4 kobold demonologists
  A yaktaur zombie (Hell)
  The ghost of MisterFreud the Nimble, a novice FeAr of Uskayaw (D:9)
  4 dire elephant skeletons
  A red draconian zombie (Coc:5)
  37 hellions
  43 yaktaurs
  51 freezing wraiths
  A death yak zombie (Crypt:2)
  5 rime drakes
  5 komodo dragons
  A catoblepas skeleton (Geh:4)
  2 tengu conjurers (Depths:4)
  26 demonic crawlers
  2 minotaur skeletons
  3 emperor scorpion zombies
  2 komodo dragons (shapeshifter)
  6 ancient zymes
  A minotaur zombie (Geh:3)
  46 ice devils
  47 tormentors
  A guardian mummy (Crypt:3)
  A merfolk (shapeshifter) (Vaults:2)
  18 hellwings
  23 hydra zombies
  54 red devils
  5 harpy zombies
  24 polar bears
  A troll (shapeshifter) (Vaults:5)
  A queen bee (Depths:4)
  A queen ant zombie (Crypt:2)
  6 meliai (D:15)
  10 trolls
  9 tyrant leeches
  A black draconian skeleton (Crypt:1)
  A wind drake (Abyss:3)
  A hornet (shapeshifter) (Vaults:5)
  5 hydra skeletons
  36 jumping spiders
  19 hornets
  A moth of wrath zombie (Crypt:1)
  6 ettin zombies
  11 ice dragon zombies
  2 harpy skeletons
  Prince Ribbit (D:6)
  29 blink frogs
  Grinder (D:6)
  3 spriggan zombies
  11 bog bodies
  A death drake skeleton (Crypt:2)
  2 dream sheep
  14 raiju
  86 flying skulls
  A hippogriff (shapeshifter) (Vaults:4)
  6 fire dragon zombies
  10 alligator zombies
  A black mamba zombie (Crypt:1)
  13 hippogriffs
  A deep troll zombie (Hell)
  85 slime creatures
  3 alligator skeletons
  63 large abominations
  Sigmund (D:2)
  A fire dragon skeleton (Geh:4)
  10 spriggans
  33 shadows
  16 water elementals
  A spriggan (shapeshifter) (Vaults:4)
  6 air elementals
  44 yaks
  A vampire (Abyss:4)
  61 redbacks
  26 tarantellas
  47 wraiths
  A yak (shapeshifter) (Vaults:4)
  A fire bat (Abyss:5)
  A spriggan simulacrum (Depths:3)
  8 ettin skeletons
  2 tarantellas (shapeshifter)
  4 hogs (D:12)
  3 black mamba skeletons
  2 ushabtiu (Crypt:3)
  30 ynoxinuls
  5 ice dragon skeletons
  4 basilisks
  Grum (D:9)
  36 fire elementals
  6 hungry ghosts
  21 neqoxecs
  18 chaos spawn
  2 wyverns
  3 golden eyes (Abyss:5)
  A catoblepas simulacrum (Abyss:5)
  10 spatial vortices
  A steam dragon (D:12)
  17 vampire mosquitoes
  A human simulacrum (Vaults:1)
  A gelid demonspawn zombie (Dis:2)
  17 swamp worms
  Edmund (D:6)
  12 wargs
  A naga (Abyss:3)
  8 soldier ants
  2 acid dragons
  12 spiny frog zombies
  13 water moccasins
  65 hell hounds
  Duvessa (D:5)
  9 hydra simulacra
  12 porcupines
  A floating eye (Depths:3)
  A monstrous demonspawn skeleton (Crypt:1)
  A torturous demonspawn skeleton (Crypt:1)
  4 sky beasts
  An infernal demonspawn skeleton (Crypt:2)
  An alligator simulacrum (Hell)
  7 eyes of draining
  7 swamp drakes
  5 spiny frog skeletons
  38 orc warriors
  2 manticore zombies
  A hornet zombie (D:7)
  11 phantoms
  2 ettin simulacra
  40 necrophages
  13 black bears
  A tengu (shapeshifter) (Depths:3)
  An ice dragon simulacrum (Tar:4)
  17 ice beasts
  A swamp dragon zombie (Crypt:3)
  9 snapping turtle zombies
  11 boggarts
  15 centaurs
  43 ogres
  33 wolves
  6 snapping turtle skeletons
  A swamp dragon skeleton (Tar:4)
  A manticore skeleton (Geh:5)
  14 crocodiles
  A big kobold (shapeshifter) (Elf:1)
  7 big kobolds
  16 bullfrogs
  2 elf zombies
  9 earth elementals
  A wyvern zombie (D:12)
  A gnoll sergeant (D:12)
  2 spiny frog simulacra
  Dowan (D:5)
  10 wyvern skeletons (Crypt:3)
  2 tengu zombies (Hell)
  2 scorpions
  An elf simulacrum (Vaults:1)
  36 killer bees
  A swamp dragon simulacrum (Tar:3)
  68 wights
  4 howler monkeys
  8 electric eels
  11 crimson imps
  3 bullfrog zombies
  9 hounds
  A quasit (Abyss:4)
  4 centaur zombies
  22 orc priests
  4 bullfrog skeletons
  3 jellies
  33 orc wizards
  A human zombie (Geh:3)
  3 human skeletons
  33 iron imps
  4 centaur skeletons
  4 iguanas
  36 worker ants
  An ogre zombie (Tar:7)
  A centaur simulacrum (D:10)
  7 big kobold zombies (Ossuary)
  7 mummies
  15 gnolls
  18 adders
  An ogre simulacrum (Coc:5)
  A steam dragon skeleton (Crypt:2)
  6 shadow imps
  13 white imps
  2 ufetubi
  2 adder skeletons
  A halfling skeleton (Crypt:2)
  A lava snake skeleton (Crypt:2)
  2 worms
  5 dart slugs
  5 leopard geckos
  100 orcs
  2 spectral bats (Ossuary)
  4 goblins
  6 hobgoblins
  3 quokkas
  A ball python (D:5)
  11 bats
  6 bat simulacra (Ossuary)
  6 frilled lizards
  5 gnoll zombies (Ossuary)
  4 goblin simulacra (Ossuary)
  8 goblin zombies
  4 hobgoblin zombies (Ossuary)
  A jackal skeleton (Crypt:2)
  26 kobolds
  4 kobold simulacra (Ossuary)
  5 kobold zombies
  6 orc zombies
  A quokka simulacrum (D:10)
  A quokka skeleton (D:8)
  15 rats
  4 rat simulacra (Ossuary)
  A river rat skeleton (Crypt:1)
  4 spectral goblins (Ossuary)
  7 spectral kobolds (Ossuary)
  3 spectral rats (Ossuary)
  A crawling corpse (Depths:4)
  A fire vortex (Geh:6)
  4 fungi
  A plant (Lair:6)
  2 tentacles
  6 withered plants (Crypt:3)
4818 creatures vanquished.

Vanquished Creatures (others)
  2 deep elf master archers (Elf:3)
  An eldritch tentacle (Geh:3)
  A revenant (Abyss:5)
  A fire giant (Depths:2)
  A balrug (Geh:3)
  An elemental wellspring (Coc:7)
  A stone giant (Depths:1)
  A deep elf high priest (Vaults:5)
  A yaktaur captain (Vaults:5)
  2 centaur warriors
  2 thrashing horrors (Abyss:5)
  2 deep elf knights
  2 sun demons (Pan)
  A skeletal warrior (Tar:7)
  6 deep elf archers
  A deep elf mage (Vaults:1)
  2 orb spiders (Spider:4)
  2 cyclopes (Vaults:2)
  3 smoke demons (Pan)
  A vault sentinel (Vaults:1)
  A spiny frog (Swamp:3)
  A hellwing (Pan)
  16 yaktaurs
  2 jumping spiders
  A bog body (Coc:7)
  A small abomination (Abyss:5)
  2 phantoms (D:5)
  2 starcursed masses (Abyss:5)
  A spiny frog skeleton (Geh:6)
  3 slaves (D:5)
  A boggart (Depths:1)
  A wight (Geh:7)
  A hound skeleton (D:5)
  A white imp (Coc:7)
  A worm (D:5)
  8 ball lightnings (Pan)
  An orc (Vaults:3)
  A kobold (D:15)
  A quokka (D:5)
  5 bushes (D:9)
  13 fungi
  A lurking horror (Abyss:5)
  32 plants
  9 starspawn tentacles (Abyss:5)
  11 tentacles
151 creatures vanquished.

Grand Total: 4969 creatures vanquished

Notes
Turn   | Place    | Note
-------+----------+-------------------------------------------
     0 | D:1      | galech the Demonspawn Fighter began the quest for the Orb.
     0 | D:1      | Reached XP level 1. HP: 18/18 MP: 1/1
   121 | D:1      | Gained mutation: When seriously injured, your bleeding
                  | wounds create armour. (AC +12) [demonic ancestry]
   121 | D:1      | Reached XP level 2. HP: 21/24 MP: 2/2
   381 | D:1      | Reached XP level 3. HP: 25/29 MP: 3/3
  1016 | D:2      | Gained mutation: You sometimes gain a little power by
                  | taking damage. [demonic ancestry]
  1016 | D:2      | Reached XP level 4. HP: 34/35 MP: 4/4
  1045 | D:2      | Found a hide-covered altar of Uskayaw.
  1046 | D:2      | Noticed Sigmund
  1062 | D:2      | Killed Sigmund
  1062 | D:2      | Reached skill level 1 in Dodging
  1062 | D:2      | Reached XP level 5. HP: 3/42 MP: 5/5
  1536 | D:1      | Gained mutation: When hurt, damage is shared between your
                  | health and your magic reserves. [demonic ancestry]
  1536 | D:1      | Reached XP level 6. HP: 21/48 MP: 6/6
  1792 | D:2      | Found a sacrificial altar of Ru.
  1845 | D:2      | Found a blossoming altar of Fedhas.
  3019 | D:4      | Reached XP level 7. HP: 42/53 MP: 7/7
  3253 | D:4      | Reached skill level 5 in Axes
  3377 | D:4      | Noticed a water elemental
  3379 | D:4      | Found a stormy altar of Qazlal.
  3380 | D:4      | Noticed an air elemental
  3380 | D:4      | Noticed a fire elemental
  3486 | D:5      | Entered Level 5 of the Dungeon
  3487 | D:5      | Noticed Duvessa
  3487 | D:5      | Noticed Dowan
  3501 | D:5      | Killed Duvessa
  3516 | D:5      | Reached skill level 1 in Stealth
  3523 | D:5      | Killed Dowan
  3674 | D:5      | Noticed Pikel
  3701 | D:4      | Killed Pikel
  3701 | D:4      | Gained mutation: When seriously injured, your bleeding
                  | wounds create thick armour. (AC +12) [demonic ancestry]
  3701 | D:4      | Reached XP level 8. HP: 55/61 MP: 6/8
  3745 | D:5      | Reached skill level 5 in Fighting
  3856 | D:5      | Reached skill level 5 in Armour
  4184 | D:5      | Found Heocs's Antique Armour Emporium.
  4251 | D:5      | Found a shimmering altar of Xom.
  4296 | D:5      | Got a smelly leather armour
  4307 | D:5      | Identified the +1 leather armour of Activism {rC++} (You
                  | found it on level 5 of the Dungeon)
  5020 | D:6      | Found a sand-covered staircase.
  5063 | Ossuary  | Entered an ossuary
  5191 | Ossuary  | Gained mutation: You have a pair of small horns on your
                  | head. [demonic ancestry]
  5191 | Ossuary  | Reached XP level 9. HP: 68/68 MP: 9/9
  5595 | D:6      | Found a shadowy altar of Dithmenos.
  5596 | D:6      | Noticed Edmund
  5617 | D:6      | Killed Edmund
  5907 | D:6      | Found a staircase to the Ecumenical Temple.
  5916 | Temple   | Entered the Ecumenical Temple
  5931 | Temple   | Became a worshipper of Warmaster Okawaru
  5945 | D:6      | Noticed Prince Ribbit
  5957 | D:6      | Killed Prince Ribbit
  6015 | D:6      | Noticed Grinder
  6022 | D:6      | Paralysed by Grinder for 6 turns
  6037 | D:6      | Killed Grinder
  6541 | D:7      | Reached * piety under Okawaru
  7036 | D:7      | Reached skill level 5 in Shields
  7423 | D:7      | Found a snail-covered altar of Cheibriados.
  7487 | D:7      | Found Foipy's Distillery.
  7496 | D:7      | Bought a potion of heal wounds for 65 gold pieces
  7496 | D:7      | Bought a potion of curing for 39 gold pieces
  7496 | D:7      | Bought a potion of curing for 39 gold pieces
  7496 | D:7      | Bought a potion of curing for 39 gold pieces
  7496 | D:7      | Bought a potion of heal wounds for 65 gold pieces
  7496 | D:7      | Bought a potion of heal wounds for 65 gold pieces
  7535 | D:7      | Reached ** piety under Okawaru
  7535 | D:7      | Gained mutation: You have a pair of horns on your head.
                  | [demonic ancestry]
  7535 | D:7      | Reached XP level 10. HP: 77/77 MP: 10/10
  7720 | D:7      | Found an ancient bone altar of Kikubaaqudgha.
  7727 | D:7      | Found an opulent altar of Gozag.
  8303 | D:8      | Found a burning altar of Makhleb.
  8681 | D:9      | Reached *** piety under Okawaru
  8781 | D:9      | Noticed Grum
  8797 | D:9      | Reached skill level 10 in Axes
  8805 | D:9      | Killed Grum
  9015 | D:9      | Found a staircase to the Lair.
  9059 | D:9      | Found a glowing golden altar of the Shining One.
  9121 | D:9      | Reached **** piety under Okawaru
  9431 | D:9      | Noticed a two-headed ogre
  9440 | D:9      | Killed a two-headed ogre
  9440 | D:9      | Reached skill level 1 in Invocations
  9703 | D:9      | Found a runed door.
  9703 | D:9      | Found a shimmering altar of Xom.
  9703 | D:9      | Noticed a runed mace
  9703 | D:9      | Noticed MisterFreud's ghost (novice FeAr)
  9736 | D:9      | Reached XP level 11. HP: 61/84 MP: 7/11
 10066 | D:8      | Reached ***** piety under Okawaru
 10098 | D:9      | Reached skill level 5 in Dodging
 10766 | D:10     | Entered Level 10 of the Dungeon
 10769 | D:10     | Noticed a two-headed ogre
 10778 | D:10     | Killed a two-headed ogre
 10886 | D:10     | Noticed Psyche
 10891 | D:10     | Killed Psyche
 11018 | D:10     | Noticed a two-headed ogre
 11033 | D:10     | Received a gift from Okawaru
 11039 | D:10     | Killed a two-headed ogre
 11276 | D:10     | Killed an unseen horror
 12096 | D:11     | Noticed Fannar
 12135 | D:11     | Killed Fannar
 12366 | D:11     | Noticed Josephine
 12377 | D:11     | Killed Josephine
 12649 | D:11     | Gained mutation: You sometimes gain power by taking damage.
                  | [demonic ancestry]
 12649 | D:11     | Reached XP level 12. HP: 93/93 MP: 13/13
 12761 | D:11     | Found a staircase to the Orcish Mines.
 13550 | Orc:1    | Entered Level 1 of the Orcish Mines
 14369 | Orc:1    | Found a roughly hewn altar of Beogh.
 14632 | Orc:2    | Entered Level 2 of the Orcish Mines
 15124 | Orc:2    | Received a gift from Okawaru
 15135 | Orc:2    | Got an iridescent trident {god gift}
 15136 | Orc:2    | Identified the +10 trident "Unauxzuf" {freeze, rC+ Str+5}
                  | (Okawaru gifted it to you on level 2 of the Orcish Mines)
 15492 | Orc:2    | Reached ****** piety under Okawaru
 15504 | Orc:2    | Found a staircase to the Elven Halls.
 15569 | Orc:2    | Reached skill level 1 in Polearms
 15785 | Orc:2    | Gained mutation: You occasionally shout uncontrollably at
                  | your foes. [a neqoxec]
 15969 | Orc:2    | Noticed an orc high priest
 15969 | Orc:2    | Noticed an orc high priest
 15969 | Orc:2    | Noticed an orc high priest
 15983 | Orc:2    | Killed an orc high priest
 15989 | Orc:2    | Killed an orc high priest
 15992 | Orc:2    | Killed an orc high priest
 16280 | Orc:2    | Paralysed by an orc sorcerer for 3 turns
 16599 | Orc:2    | Received a gift from Okawaru
 16975 | Orc:2    | Reached skill level 5 in Polearms
 17033 | Orc:2    | Got an ichor-stained trident {god gift}
 17040 | Orc:2    | Identified the +8 trident "Demonbane" {protect, rElec}
                  | (Okawaru gifted it to you on level 2 of the Orcish Mines)
 17238 | Orc:2    | Found Apebbiory's Magic Scroll Boutique.
 17257 | Orc:2    | Reached XP level 13. HP: 87/101 MP: 12/14
 17396 | Orc:2    | Found Pyzah's Food Emporium.
 17402 | Orc:2    | Found Uklul's Armour Emporium.
 17404 | Orc:2    | Found Aledwomp's General Store.
 17412 | Orc:2    | Bought a scroll of magic mapping for 49 gold pieces
 17412 | Orc:2    | Bought a scroll of identify for 28 gold pieces
 17424 | Orc:2    | Bought a scroll of enchant armour for 90 gold pieces
 17424 | Orc:2    | Bought a scroll of identify for 24 gold pieces
 17424 | Orc:2    | Bought a scroll of identify for 24 gold pieces
 17424 | Orc:2    | Bought a scroll of magic mapping for 42 gold pieces
 17424 | Orc:2    | Bought a scroll of identify for 24 gold pieces
 17424 | Orc:2    | Bought a scroll of enchant armour for 90 gold pieces
 17424 | Orc:2    | Bought a scroll of enchant weapon for 90 gold pieces
 17424 | Orc:2    | Bought a scroll of teleportation for 36 gold pieces
 17600 | Lair:1   | Entered Level 1 of the Lair of Beasts
 17672 | Lair:1   | Received a gift from Okawaru
 17675 | Lair:1   | Got a fine hand axe {god gift}
 17676 | Lair:1   | Identified the +4 hand axe "Bevoomm" {freeze, rN+} (Okawaru
                  | gifted it to you on level 1 of the Lair of Beasts)
 18594 | D:9      | Killed MisterFreud's ghost
 18914 | Lair:2   | Received a gift from Okawaru
 19507 | Lair:3   | You fall through a shaft for 2 floors!
 19683 | Lair:3   | Reached skill level 10 in Fighting
 19763 | Lair:3   | Found a hole to the Spider Nest.
 19784 | Lair:3   | Found a runed gate.
 19880 | Lair:3   | Found a runed gate.
 19913 | Lair:3   | Found a runed gate.
 20221 | Lair:3   | Noticed a minotaur
 20222 | Lair:3   | Noticed Charly's ghost (journeyman OgFi)
 20889 | Lair:4   | Found a runed door.
 20889 | Lair:4   | Noticed Nattefrost's ghost (journeyman HuFi)
 20954 | Lair:4   | Found a staircase to the Swamp.
 21012 | Lair:4   | Gained mutation: You regenerate magic rapidly. [demonic
                  | ancestry]
 21012 | Lair:4   | Reached XP level 14. HP: 96/111 MP: 13/15
 21243 | Lair:5   | Got a dull robe
 21254 | Lair:5   | Identified the cursed +0 robe of Generosity {rN+ Str+3}
                  | (You found it on level 5 of the Lair of Beasts)
 21811 | Lair:6   | Entered Level 6 of the Lair of Beasts
 21813 | Lair:6   | Received a gift from Okawaru
 22813 | Lair:6   | Got a smoking ring mail
 22824 | Lair:6   | Identified the +2 ring mail of the Dwarven Hall {rC+} (You
                  | found it on level 6 of the Lair of Beasts)
 22918 | Lair:6   | Got an ancient broad axe
 22919 | Lair:6   | Identified the +7 broad axe of the Secret Runes {drain, rN+
                  | Stlth+} (You found it on level 6 of the Lair of Beasts)
 22950 | Lair:6   | Received a gift from Okawaru
 22950 | Lair:6   | Reached skill level 10 in Shields
 23189 | Lair:6   | Found a viscous altar of Jiyva.
 23190 | Lair:6   | Found a staircase to the Slime Pits.
 23500 | Lair:3   | Killed Charly's ghost
 23704 | Lair:4   | Killed Nattefrost's ghost
 24287 | D:12     | Found a shimmering altar of Xom.
 24535 | D:12     | Noticed Kirke
 24559 | D:12     | Killed Kirke
 25152 | D:13     | Gained mutation: When seriously injured, your bleeding
                  | wounds create very thick armour. (AC +12) [demonic
                  | ancestry]
 25152 | D:13     | Reached XP level 15. HP: 119/119 MP: 17/17
 25168 | D:13     | Found Dim Jost's Magic Scroll Emporium.
 25220 | D:13     | Bought a scroll of identify for 28 gold pieces
 25220 | D:13     | Bought a scroll of enchant weapon for 105 gold pieces
 25220 | D:13     | Bought a scroll of identify for 28 gold pieces
 25220 | D:13     | Bought a scroll of blinking for 105 gold pieces
 25504 | D:13     | Reached skill level 10 in Dodging
 25539 | D:13     | Received a gift from Okawaru
 25634 | D:13     | Found a gate to the Vaults.
 25769 | D:13     | Identified Socradgh's Tome of Clay and Boosts
 25820 | D:13     | Identified the cursed +0 rapier of Kismet {pierce, Dex+4}
 26112 | D:13     | Found a runed door.
 26112 | D:13     | Noticed Tenar's ghost (journeyman DEIE)
 26128 | D:13     | Killed Tenar's ghost
 27439 | D:15     | Entered Level 15 of the Dungeon
 27454 | D:15     | Found Lisesall's Food Boutique.
 27594 | D:15     | Found a frozen archway.
 27631 | IceCv    | Entered an ice cave
 27759 | IceCv    | Got a slimy tin ring
 27778 | IceCv    | Received a gift from Okawaru
 27952 | IceCv    | Identified the ring of Ducvuz {Wiz *Corrode rPois Stlth+}
                  | (You found it in an ice cave)
 28101 | IceCv    | Noticed a frost giant
 28122 | IceCv    | Reached skill level 15 in Dodging
 28140 | IceCv    | Killed a frost giant
 29305 | D:15     | Reached XP level 16. HP: 108/125 MP: 18/18
 29332 | D:15     | Received a gift from Okawaru
 29492 | D:15     | Identified Roxanne's Disquisition on Clay
 29492 | D:15     | Noticed Roxanne
 29592 | D:15     | Killed Roxanne
 29710 | D:15     | Found the +6 Majin-Bo {vamp, Archmagi MP+6 Int+6}
 29725 | D:15     | Found a staircase to the Depths.
 30623 | Elf:1    | Entered Level 1 of the Elven Halls
 30944 | Elf:1    | Reached skill level 15 in Axes
 31385 | Elf:1    | Found Berimew's Book Shop.
 32627 | Elf:2    | Received a gift from Okawaru
 32638 | Elf:2    | Got a bronze chain mail {god gift}
 32650 | Elf:2    | Identified the +4 chain mail "Zohuco" {MR+ SInv} (Okawaru
                  | gifted it to you on level 2 of the Elven Halls)
 32788 | Elf:2    | Found Ivvaff's General Store.
 32788 | Elf:2    | Found Vyschimepp's General Store.
 32796 | Elf:2    | Bought a scroll of magic mapping for 52 gold pieces
 32807 | Elf:2    | Bought a scroll of acquirement for 884 gold pieces
 32807 | Elf:2    | Bought 2 potions of curing for 102 gold pieces
 32903 | Elf:2    | Reached XP level 17. HP: 101/133 MP: 16/19
 32917 | Elf:2    | Got a scintillating glass ring
 32919 | Elf:2    | Identified the ring "Olefunnef" {rElec rF+ rC- MP+9 Str+5}
                  | (You found it on level 2 of the Elven Halls)
 33143 | Elf:2    | Found a runed gate.
 33144 | Elf:2    | Found a runed gate.
 33145 | Elf:2    | Found a runed gate.
 33478 | Elf:2    | Noticed Azrael
 33492 | Elf:2    | Killed Azrael
 33669 | Elf:2    | Received a gift from Okawaru
 33678 | Elf:2    | Got a pair of twisted boots {god gift}
 33684 | Elf:2    | Identified the +1 pair of boots of the Evening {rPois
                  | Dex+4} (Okawaru gifted it to you on level 2 of the Elven
                  | Halls)
 33793 | Elf:3    | Entered Level 3 of the Elven Halls
 34317 | Elf:3    | Noticed Donald
 34336 | Elf:3    | Killed Donald
 34591 | Elf:3    | Gained mutation: Your body sometimes deteriorates upon
                  | taking damage. [a neqoxec]
 35007 | Elf:3    | Received a gift from Okawaru
 35128 | Elf:3    | Noticed a deep elf master archer
 35138 | Elf:3    | Killed a deep elf master archer
 35155 | Elf:3    | Noticed a deep elf master archer
 35582 | Elf:3    | Noticed a deep elf master archer
 35582 | Elf:3    | Noticed a deep elf blademaster
 35593 | Elf:3    | Gained mutation: You resist negative energy. (rN+) [demonic
                  | ancestry]
 35593 | Elf:3    | Reached XP level 18. HP: 143/143 MP: 20/20
 35899 | Elf:3    | Identified the ring of Wonder {rElec rF+ rC+}
 36056 | Elf:3    | Identified the Volume of Creative Orientation
 36084 | Elf:3    | Got a distressingly furry leather armour
 36097 | Elf:3    | Identified the +3 leather armour of the Fife {+Blink
                  | Stlth+} (You found it on level 3 of the Elven Halls)
 36408 | Depths:1 | Entered Level 1 of the Depths
 36746 | Depths:1 | Found an iron altar of Okawaru.
 36918 | Depths:1 | Found a one-way gate to the infinite horrors of the Abyss.
 36993 | Depths:1 | Found Riyr's Gadget Emporium.
 37054 | Depths:1 | Found a gateway to Hell.
 37076 | Depths:1 | Received a gift from Okawaru
 37079 | Depths:1 | Got a crystal war axe {god gift}
 37080 | Depths:1 | Identified the +10 war axe "Ereyg" {freeze, Str+3} (Okawaru
                  | gifted it to you on level 1 of the Depths)
 37890 | Depths:2 | Noticed a lich
 37895 | Depths:2 | Found a runed door.
 37896 | Depths:2 | Noticed a golden dragon
 37911 | Depths:2 | Noticed a caustic shrike
 37930 | Depths:2 | Identified the Compendium of Displaced Intoxication
 37930 | Depths:2 | Noticed a caustic shrike
 37931 | Depths:2 | a caustic shrike changed into an iron dragon
 37939 | Depths:2 | Noticed a golden dragon
 37944 | Depths:2 | a golden dragon changed into a shadow dragon
 37952 | Depths:2 | Received a gift from Okawaru
 37974 | Depths:2 | Noticed a golden dragon
 37986 | Depths:2 | Killed a golden dragon
 38073 | Depths:2 | Killed a lich
 38073 | Depths:2 | Gained mutation: You have a pair of large horns on your
                  | head. [demonic ancestry]
 38073 | Depths:2 | Reached XP level 19. HP: 149/149 MP: 19/21
 38089 | Depths:2 | Killed a golden dragon
 38188 | Depths:2 | Found a one-way gate leading to the halls of Pandemonium.
 38474 | Depths:2 | Lost mutation: Your body sometimes deteriorates upon taking
                  | damage. [potion of mutation]
 38474 | Depths:2 | Lost mutation: You occasionally shout uncontrollably at
                  | your foes. [potion of mutation]
 38474 | Depths:2 | Gained mutation: You are frail. (-10% HP) [potion of
                  | mutation]
 38474 | Depths:2 | Gained mutation: You have supernaturally acute eyesight.
                  | (SInv) [potion of mutation]
 39161 | Depths:3 | Received a gift from Okawaru
 39181 | Depths:3 | Found a bloodstained altar of Trog.
 39183 | Depths:3 | Found the +4 skin of Zhor {rC+++}
 39904 | Depths:3 | Received a gift from Okawaru
 39919 | Depths:3 | Got a pair of heavily runed boots {god gift}
 39930 | Depths:3 | Identified the -2 pair of boots of the Devil's Advocate
                  | {Str+3} (Okawaru gifted it to you on level 3 of the Depths)
 40922 | Depths:3 | Identified the cursed +0 leather armour of Deupnon {rCorr}
 41024 | Depths:3 | Reached XP level 20. HP: 110/140 MP: 22/22
 41037 | Depths:3 | Identified the +6 war axe "Widowermaker" {drain, Int+4}
 41112 | Depths:3 | Found a snail-covered altar of Cheibriados.
 41126 | Depths:3 | Received a gift from Okawaru
 41152 | Depths:3 | Identified a +1 pair of boots of running (You found it on
                  | level 3 of the Depths)
 41420 | Depths:4 | You fall through a shaft!
 41420 | Depths:5 | Entered Level 5 of the Depths
 42027 | Depths:5 | Noticed a golden dragon
 42041 | Depths:5 | Killed a golden dragon
 42646 | Depths:4 | Noticed a golden dragon
 42667 | Depths:4 | Killed a golden dragon
 42667 | Depths:4 | Received a gift from Okawaru
 42838 | Depths:4 | Got a brightly glowing shield {god gift}
 42854 | Depths:4 | Identified the +2 shield of Mirth {rElec Int-2 Dex+4
                  | Slay+5} (Okawaru gifted it to you on level 4 of the Depths)
 43854 | Depths:4 | Noticed a golden dragon
 43866 | Depths:4 | Killed a golden dragon
 43866 | Depths:4 | Gained mutation: When low on magic, you restore magic in
                  | place of health. [demonic ancestry]
 43866 | Depths:4 | Reached XP level 21. HP: 79/148 MP: 23/23
 43999 | Depths:4 | Received a gift from Okawaru
 44505 | Depths:5 | Found a gateway to a ziggurat.
 44604 | Depths:4 | Reached skill level 5 in Stealth
 44700 | Depths:4 | Identified the +4 whip of the Demagogue {drain, +Blink
                  | rElec rC+ MR+}
 45065 | Depths:4 | Noticed a golden dragon
 45080 | Depths:4 | Killed a golden dragon
 45236 | Depths:4 | Noticed a juggernaut
 45248 | Depths:4 | Killed a juggernaut
 45472 | Depths:4 | Found a runed door.
 46214 | Depths:4 | Got a fine silver ring
 46850 | Depths:5 | Received a gift from Okawaru
 46853 | Depths:5 | Got an ebony broad axe {god gift}
 46854 | Depths:5 | Identified the +1 broad axe "Gesul" {elec, Fragile rN++
                  | Dex+3} (Okawaru gifted it to you on level 5 of the Depths)
 47039 | Depths:5 | Found a gate to the Realm of Zot.
 47778 | Depths:4 | Noticed Sojobo
 48387 | Depths:4 | Killed Sojobo
 48802 | Slime:1  | Entered Level 1 of the Pits of Slime
 48812 | Slime:1  | Reached skill level 15 in Fighting
 48886 | Slime:2  | Lost mutation: You have supernaturally acute eyesight.
                  | (SInv) [a shining eye]
 48923 | Slime:3  | Reached XP level 22. HP: 151/157 MP: 24/24
 49138 | Slime:5  | Entered Level 5 of the Pits of Slime
 49248 | Slime:5  | Gained mutation: Scrolls take you a little longer to read.
                  | [a shining eye]
 49250 | Slime:5  | Gained mutation: You tend to lose your temper in combat. [a
                  | shining eye]
 49259 | Slime:5  | Received a gift from Okawaru
 49267 | Slime:5  | Got a distressingly furry crystal plate armour {god gift}
 49278 | Slime:5  | Identified the +0 crystal plate armour of the Original Sin
                  | {Int+3} (Okawaru gifted it to you on level 5 of the Pits of
                  | Slime)
 50059 | Slime:5  | Noticed the Royal Jelly
 50087 | Slime:5  | Killed the Royal Jelly
 50477 | Slime:5  | Found the +3 pair of gauntlets of War {Slay+5}
 50484 | Slime:5  | Got a slimy rune of Zot
 50549 | Slime:5  | Identified Lugoiska's Tome of Frigorific Evil
 50611 | Slime:5  | Got a pair of ichor-stained gloves
 50622 | Slime:5  | Identified the cursed +0 pair of gloves of the Exiled
                  | Wishes {MR+ Str+7} (You found it on level 5 of the Pits of
                  | Slime)
 50656 | Slime:5  | Identified the ring "Fuci" {-Tele *Drain rPois MR+ Str+7
                  | Dex+2} (You took it off a yaktaur on level 4 of the Depths)
 50713 | Slime:5  | Lost mutation: You are frail. (-10% HP) [potion of
                  | mutation]
 50713 | Slime:5  | Lost mutation: Scrolls take you a little longer to read.
                  | [potion of mutation]
 50713 | Slime:5  | Lost mutation: You tend to lose your temper in combat.
                  | [potion of mutation]
 50713 | Slime:5  | Gained mutation: You tend to lose your temper in combat.
                  | [potion of mutation]
 50713 | Slime:5  | Gained mutation: You passively map a small area around you.
                  | [potion of mutation]
 50714 | Slime:5  | Lost mutation: You tend to lose your temper in combat.
                  | [potion of mutation]
 50714 | Slime:5  | Lost mutation: You passively map a small area around you.
                  | [potion of mutation]
 50714 | Slime:5  | Gained mutation: You are robust. (+10% HP) [potion of
                  | mutation]
 50714 | Slime:5  | Gained mutation: Your spells are a little easier to cast,
                  | but a little less powerful. [potion of mutation]
 50714 | Slime:5  | Gained mutation: Your natural rate of healing is unusually
                  | fast. [potion of mutation]
 50715 | Slime:5  | Upgraded the game from 0.23-a0-359-g9beedce to
                  | 0.23-a0-370-gf497b7c
 50839 | Swamp:1  | Entered Level 1 of the Swamp
 51456 | Swamp:2  | Found the +8 frozen axe "Frostbite" {freezing cloud, *Noise
                  | +Fly rC+}
 51697 | Swamp:2  | Reached skill level 15 in Shields
 52376 | Swamp:3  | Reached skill level 10 in Armour
 52705 | Swamp:4  | Entered Level 4 of the Swamp
 53035 | Swamp:4  | Received a gift from Okawaru
 53124 | Swamp:4  | Got a decaying rune of Zot
 53345 | Swamp:4  | Noticed Nikola
 53356 | Swamp:4  | Killed Nikola
 53576 | Spider:1 | Entered Level 1 of the Spider Nest
 53587 | Spider:1 | Noticed Jorgrun
 53595 | Spider:1 | Killed Jorgrun
 53704 | Spider:1 | Got a faintly humming large shield
 53715 | Spider:1 | Identified the +4 large shield of Lahis {Int+4} (You
                  | acquired it on level 1 of the Spider Nest)
 54238 | Spider:2 | Noticed Arachne
 54256 | Spider:2 | Killed Arachne
 54256 | Spider:2 | Gained mutation: You are somewhat able to resist unholy
                  | torments (1 in 2 success). [demonic ancestry]
 54256 | Spider:2 | Reached XP level 23. HP: 191/202 MP: 25/25
 55201 | Spider:4 | Entered Level 4 of the Spider Nest
 55242 | Spider:4 | Received a gift from Okawaru
 55885 | Spider:4 | Got a gossamer rune of Zot
 56233 | Vaults:1 | Entered Level 1 of the Vaults
 56322 | Vaults:1 | Found a flickering gateway to a bazaar.
 56348 | Bazaar   | Entered a bazaar
 56356 | Bazaar   | Found Cafuox's Book Shop.
 56369 | Bazaar   | Found Dotzawan's Gadget Shop.
 56417 | Bazaar   | Bought a manual of Long Blades for 1656 gold pieces
 57500 | Vaults:2 | Received a gift from Okawaru
 57636 | Vaults:2 | Found a staircase to the Crypt.
 57636 | Vaults:2 | Found a basalt altar of Yredelemnul.
 57637 | Vaults:2 | Found an ancient bone altar of Kikubaaqudgha.
 58022 | Vaults:2 | Found Dianiguz's Assorted Antiques.
 58025 | Vaults:2 | Bought a scroll of identify for 82 gold pieces
 58179 | Vaults:2 | Reached XP level 24. HP: 178/214 MP: 25/25
 58603 | Vaults:3 | Noticed Mennas
 58631 | Vaults:3 | Killed Mennas
 58631 | Vaults:3 | Received a gift from Okawaru
 58680 | Vaults:3 | Found the +5 robe of Misfortune {*Contam Harm *Corrode
                  | *Drain *Slow EV+5}
 58816 | Vaults:3 | Found Lottuy's General Store.
 58818 | Vaults:3 | Bought a scroll of identify for 38 gold pieces
 59348 | Vaults:3 | Received a gift from Okawaru
 59713 | Vaults:3 | Found an ancient bone altar of Kikubaaqudgha.
 59916 | Vaults:4 | Received a gift from Okawaru
 60237 | Vaults:4 | Received a gift from Okawaru
 60269 | Vaults:4 | Got steaming quicksilver dragon scales {god gift}
 60280 | Vaults:4 | Identified the quicksilver dragon scales "Luaxocy" {+Blink
                  | +Fly MR+ MP+9} (Okawaru gifted it to you on level 4 of the
                  | Vaults)
 60298 | Vaults:4 | Got a pitted shield
 60309 | Vaults:4 | Identified the +4 shield of Vogehah {rElec rCorr Str+3}
                  | (You acquired it on level 4 of the Vaults)
 60932 | Vaults:5 | Entered Level 5 of the Vaults
 60960 | Vaults:5 | Gained mutation: You are powered by pain. [demonic
                  | ancestry]
 60960 | Vaults:5 | Reached XP level 25. HP: 220/226 MP: 26/26
 61006 | Vaults:5 | Noticed an ancient lich
 61021 | Vaults:5 | Killed an ancient lich
 61305 | Vaults:5 | Got a silver rune of Zot
 61428 | Vaults:5 | Received a gift from Okawaru
 61554 | Vaults:5 | Received a gift from Okawaru
 61598 | Vaults:5 | Identified the Grimoire of Evil Rites
 61663 | Vaults:5 | Identified the ring of the Magpie {rPois rN+ Str-3 Stlth+}
 62006 | Vaults:5 | Identified the Guide on the Creative Frostbite
 62494 | Crypt:1  | Entered Level 1 of the Crypt
 62511 | Crypt:1  | Received a gift from Okawaru
 62549 | Crypt:1  | Got a bloodstained animal skin {god gift}
 62560 | Crypt:1  | Identified the +0 animal skin of the Assorted Seas {SInv}
                  | (Okawaru gifted it to you on level 1 of the Crypt)
 62893 | Crypt:1  | Found a runed gate.
 62895 | Crypt:1  | Found a runed gate.
 62896 | Crypt:1  | Found a runed gate.
 62897 | Crypt:1  | Noticed Muecso's ghost (adept GrFi)
 62899 | Crypt:1  | Noticed YrmMerkstave's ghost (veteran MiFi)
 62981 | Crypt:1  | Killed YrmMerkstave's ghost
 62984 | Crypt:1  | Killed Muecso's ghost
 63003 | Crypt:1  | Reached XP level 26. HP: 233/238 MP: 26/26
 63294 | Crypt:2  | Gained mutation: Your melee attacks may debilitate your
                  | foes. [demonic ancestry]
 63294 | Crypt:2  | Reached XP level 27. HP: 246/246 MP: 26/26
 63574 | Crypt:3  | Entered Level 3 of the Crypt
 64088 | Crypt:3  | Found a basalt altar of Yredelemnul.
 64238 | Crypt:3  | Found a staircase to the Tomb.
 64589 | Crypt:3  | Got a clouded iron amulet
 64589 | Crypt:3  | Got a sparkling tin ring
 64589 | Crypt:3  | Got a pitted wooden ring
 64753 | Crypt:3  | Identified the cursed +1 leather armour of Tender Moments
                  | {Str+6}
 64797 | Crypt:3  | Identified the +2 ring mail of the Doge {-Cast rCorr Str+2
                  | Slay+2}
 65111 | Crypt:3  | Got a polished chain mail
 65114 | Crypt:3  | Identified the amulet "Ziraotz" {*Corrode Regen+ Dex+6
                  | Slay+5} (You found it on level 3 of the Crypt)
 65115 | Crypt:3  | Identified the ring "Feones" {rN+ Stlth+} (You found it on
                  | level 3 of the Crypt)
 65116 | Crypt:3  | Identified the ring of Xom's Malicious Joy {rN+ Int+3} (You
                  | found it on level 3 of the Crypt)
 65117 | Crypt:3  | Identified the +8 chain mail of Elyvilon's Generosity
                  | {Int+5 Stlth+} (You found it on level 3 of the Crypt)
 65471 | Depths:1 | Voluntarily entered the Abyss.
 65760 | Abyss:3  | Found a corrupted altar of Lugonu.
 65823 | Abyss:4  | Found a shadowy altar of Dithmenos.
 65841 | Abyss:4  | Found a corrupted altar of Lugonu.
 65978 | Abyss:4  | Received a gift from Okawaru
 65980 | Abyss:4  | Paralysed by accursed screaming for 1 turns
 66108 | Abyss:5  | Entered Level 5 of the Abyss
 66235 | Abyss:5  | Gained mutation: You are dopey. (Int -2) [a neqoxec]
 66236 | Abyss:5  | Gained mutation: Armour fits poorly on your strangely
                  | shaped body. [a neqoxec]
 66285 | Abyss:5  | Paralysed by accursed screaming for 1 turns
 66293 | Abyss:5  | Paralysed by accursed screaming for 1 turns
 66300 | Abyss:5  | Paralysed by accursed screaming for 1 turns
 66461 | Abyss:5  | Received a gift from Okawaru
 66474 | Abyss:5  | Lost mutation: You are robust. (+10% HP) [a cacodemon]
 66486 | Abyss:5  | Found a corrupted altar of Lugonu.
 66700 | Abyss:5  | Found a corrupted altar of Lugonu.
 66713 | Abyss:5  | Gained mutation: Your magical capacity is low. (-10% MP) [a
                  | shining eye]
 66744 | Abyss:5  | Got an abyssal rune of Zot
 66758 | Abyss:5  | Found a corrupted altar of Lugonu.
 66764 | Depths:1 | Escaped the Abyss
 66765 | Depths:1 | Lost mutation: You are dopey. (Int -2) [potion of mutation]
 66765 | Depths:1 | Lost mutation: Your spells are a little easier to cast, but
                  | a little less powerful. [potion of mutation]
 66765 | Depths:1 | Lost mutation: Your magical capacity is low. (-10% MP)
                  | [potion of mutation]
 66765 | Depths:1 | Gained mutation: Your flesh is heat resistant. (rF+)
                  | [potion of mutation]
 66765 | Depths:1 | Gained mutation: You have large cloven feet. [potion of
                  | mutation]
 66766 | Depths:1 | Lost mutation: Your natural rate of healing is unusually
                  | fast. [potion of mutation]
 66766 | Depths:1 | Gained mutation: You tend to lose your temper in combat.
                  | [potion of mutation]
 66766 | Depths:1 | Gained mutation: You evolve. [potion of mutation]
 66767 | Depths:1 | Lost mutation: You tend to lose your temper in combat.
                  | [potion of mutation]
 66767 | Depths:1 | Lost mutation: Armour fits poorly on your strangely shaped
                  | body. [potion of mutation]
 66767 | Depths:1 | Lost mutation: You have large cloven feet. [potion of
                  | mutation]
 66767 | Depths:1 | Lost mutation: Your flesh is heat resistant. (rF+) [potion
                  | of mutation]
 66767 | Depths:1 | Gained mutation: You tend to lose your temper in combat.
                  | [potion of mutation]
 66767 | Depths:1 | Gained mutation: You passively map a small area around you.
                  | [potion of mutation]
 66773 | Depths:1 | Lost mutation: You tend to lose your temper in combat.
                  | [potion of mutation]
 66773 | Depths:1 | Lost mutation: You evolve. [potion of mutation]
 66773 | Depths:1 | Lost mutation: You passively map a small area around you.
                  | [potion of mutation]
 66773 | Depths:1 | Gained mutation: You are covered in fur. (AC +1) [potion of
                  | mutation]
 66773 | Depths:1 | Gained mutation: You have supernaturally acute eyesight.
                  | (SInv) [potion of mutation]
 66773 | Depths:1 | Gained mutation: You expend magic power (3 MP) to
                  | strengthen your wands. [potion of mutation]
 66808 | Hell     | Entered the Vestibule of Hell
 66808 | Hell     | Noticed Geryon
 66823 | Hell     | Killed Geryon
 66874 | Hell     | Received a gift from Okawaru
 66952 | Hell     | Noticed Murray
 66978 | Hell     | Killed Murray
 67017 | Hell     | Found a gateway to the ashen valley of Gehenna.
 67102 | Hell     | Found a gateway to the Iron City of Dis.
 67196 | Hell     | Found a gateway to the decaying netherworld of Tartarus.
 67247 | Hell     | Found a gateway to the freezing wastes of Cocytus.
 67260 | Coc:1    | Entered Level 1 of Cocytus
 68123 | Coc:5    | Received a gift from Okawaru
 68152 | Coc:5    | Gained mutation: Your magical capacity is low. (-10% MP)
                  | [mutagenic glow]
 68438 | Coc:7    | Entered Level 7 of Cocytus
 68755 | Coc:7    | Received a gift from Okawaru
 68782 | Coc:7    | Reached skill level 5 in Invocations
 69659 | Coc:7    | Identified the +3 great sword of Jypneg {speed, -Tele +Rage
                  | Dex+3 Stlth+}
 69685 | Coc:7    | Received a gift from Okawaru
 69715 | Coc:7    | Identified the ring of Keibbist {+Fly Str+4 Int-2}
 69715 | Coc:7    | Noticed Antaeus
 69772 | Coc:7    | HP: 11/233 [Antaeus/the +8 autumn katana {slice, Clar} (2)]
 70474 | Coc:7    | Found the +3 hat of Pondering {ponderous, MR+ MP+10 Int+5}
 70508 | Coc:7    | Killed Antaeus
 70599 | Coc:7    | Got an icy rune of Zot
 71081 | Tar:1    | Entered Level 1 of Tartarus
 71268 | Zot:1    | Entered Level 1 of the Realm of Zot
 71694 | Zot:1    | Received a gift from Okawaru
 72584 | Zot:2    | Received a gift from Okawaru
 73061 | Zot:3    | Gained mutation: Armour fits poorly on your strangely
                  | shaped body. [mutagenic glow]
 73123 | Zot:3    | Lost mutation: Your magical capacity is low. (-10% MP)
                  | [mutagenic glow]
 73662 | Zot:4    | Received a gift from Okawaru
 74456 | Dis:1    | Entered Level 1 of the Iron City of Dis
 75179 | Dis:3    | HP: 5/237 [reaper/+0 scythe of venom (10)]
 76114 | Dis:6    | Received a gift from Okawaru
 76298 | Dis:7    | Entered Level 7 of the Iron City of Dis
 76427 | Dis:7    | Received a gift from Okawaru
 77523 | Dis:7    | Received a gift from Okawaru
 77605 | Dis:7    | Gained mutation: You are dopey. (Int -2) [a cacodemon]
 77958 | Dis:7    | Identified the +9 dagger "Bofedgho" {pierce, rF++ rC- rN+
                  | Int+4}
 78142 | Dis:7    | Lost mutation: You have supernaturally acute eyesight.
                  | (SInv) [a cacodemon]
 78158 | Dis:7    | Identified the +6 hand axe "Kerph" {chop, +Blink rN+ Int+4
                  | SInv}
 78158 | Dis:7    | Identified the amulet "Reoga" {Harm *Drain rPois rC++
                  | Dex-5}
 78370 | Dis:7    | Identified the +4 staff of Dispater
 78370 | Dis:7    | Noticed Dispater
 78559 | Dis:7    | Received a gift from Okawaru
 79033 | Dis:7    | Killed Dispater
 79049 | Dis:7    | Got an iron rune of Zot
 79263 | Geh:1    | Entered Level 1 of Gehenna
 79764 | Geh:2    | Received a gift from Okawaru
 80700 | Geh:7    | Entered Level 7 of Gehenna
 81117 | Geh:7    | Received a gift from Okawaru
 81286 | Geh:7    | Identified the +10 broad axe "Zexeas" {chaos, rPois rC++
                  | rN+ Int-5} (Okawaru gifted it to you on level 7 of Gehenna)
 81362 | Geh:7    | Identified the Volume of Fire and Enhancements
 81479 | Geh:7    | Identified the +7 sceptre of Asmodeus
 81479 | Geh:7    | Noticed Asmodeus
 81511 | Geh:7    | Killed Asmodeus
 81521 | Geh:7    | Got an obsidian rune of Zot
 82046 | Tar:1    | Received a gift from Okawaru
 82057 | Tar:1    | Got bloodstained acid dragon scales {god gift}
 82068 | Tar:1    | Identified the +6 acid dragon scales "Oriulyl" {rC+ Regen+
                  | rCorr SInv} (Okawaru gifted it to you on level 1 of
                  | Tartarus)
 83245 | Tar:7    | Entered Level 7 of Tartarus
 83658 | Tar:7    | Received a gift from Okawaru
 83901 | Tar:7    | Identified the +1 leather armour of Patience {rF+++} (You
                  | found it on level 7 of Tartarus)
 84161 | Tar:7    | Reached skill level 27 in Fighting
 84194 | Tar:7    | Reached skill level 15 in Armour
 84477 | Tar:7    | Reached skill level 27 in Axes
 85108 | Tar:7    | Received a gift from Okawaru
 85125 | Tar:7    | Identified a +2 pair of boots of running (Okawaru gifted it
                  | to you on level 7 of Tartarus)
 85223 | Tar:7    | Noticed Ereshkigal
 85444 | Tar:7    | Killed Ereshkigal
 85691 | Tar:7    | Got a bone rune of Zot
 86352 | Pan      | Entered Pandemonium
 86467 | Pan      | Gained mutation: Your spells are a little easier to cast,
                  | but a little less powerful. [a neqoxec]
 86542 | Pan      | Gained mutation: You are very dopey. (Int -4) [a neqoxec]
 86580 | Pan      | Noticed Waotemes the pandemonium lord
 86594 | Pan      | Killed Waotemes the pandemonium lord
 86864 | Pan      | Reached skill level 27 in Shields
 87334 | Pan      | Received a gift from Okawaru
 87343 | Pan      | Got a distressingly furry crystal plate armour {god gift}
 87354 | Pan      | Identified the +7 crystal plate armour of Abstinence {MR+}
                  | (Okawaru gifted it to you in Pandemonium)
 87449 | Pan      | Noticed Imaxt the pandemonium lord
 87475 | Pan      | Killed Imaxt the pandemonium lord
 87617 | Pan      | Reached skill level 10 in Invocations
 88355 | Pan      | Noticed Ynuiras the pandemonium lord
 88373 | Pan      | Killed Ynuiras the pandemonium lord
 89311 | Pan      | Received a gift from Okawaru
 89320 | Pan      | Noticed Behagu the pandemonium lord
 89334 | Pan      | Killed Behagu the pandemonium lord
 89565 | Pan      | Gained mutation: Potions are less effective at restoring
                  | your health. [a cacodemon]
 89570 | Pan      | Gained mutation: You are frail. (-10% HP) [a cacodemon]
 90466 | Pan      | Found an ancient bone altar of Kikubaaqudgha.
 90476 | Pan      | Received a gift from Okawaru
 90611 | Pan      | Gained mutation: Potions are poor at restoring your health.
                  | [a cacodemon]
 90621 | Pan      | Gained mutation: You are very clumsy. (Dex -4) [a
                  | cacodemon]
 90762 | Pan      | Gained mutation: You are weak. (Str -2) [a cacodemon]
 90982 | Pan      | Noticed Xohihos the pandemonium lord
 90994 | Pan      | Killed Xohihos the pandemonium lord
 91072 | Pan      | Gained mutation: You are very frail. (-20% HP) [a neqoxec]
 91143 | Pan      | Entered the realm of Gloorx Vloq.
 91146 | Pan      | Found an exit through the horrors of the Abyss.
 91295 | Pan      | Noticed Gloorx Vloq
 91728 | Pan      | Killed Gloorx Vloq
 91845 | Pan      | Received a gift from Okawaru
 91853 | Pan      | Got a dark rune of Zot
 92509 | Pan      | Noticed Ajut the pandemonium lord
 92532 | Pan      | Killed Ajut the pandemonium lord
 92728 | Pan      | Received a gift from Okawaru
 92729 | Pan      | Gained mutation: You are extremely frail. (-30% HP) [a
                  | cacodemon]
 92838 | Pan      | Found a burning altar of Makhleb.
 93276 | Pan      | Identified the Reference Book on Stolen Souls and
                  | Intoxication
 93461 | Pan      | Noticed Ubavabepn the pandemonium lord
 93476 | Pan      | Killed Ubavabepn the pandemonium lord
 93495 | Pan      | Got a demonic rune of Zot
 93756 | Pan      | Identified the amulet "Qicadevo" {Acrobat *Slow rElec rN+
                  | MR++}
 93765 | Pan      | Noticed Asikorr the pandemonium lord
 93777 | Pan      | Killed Asikorr the pandemonium lord
 93777 | Pan      | Received a gift from Okawaru
 93818 | Pan      | Identified the +5 ring mail of the Locust {rF+ Int+4}
                  | (Okawaru gifted it to you in Pandemonium)
 93879 | Pan      | Found an exit through the horrors of the Abyss.
 94111 | Pan      | Entered the realm of Lom Lobon.
 94111 | Pan      | Noticed Lom Lobon
 94131 | Pan      | Killed from afar by Lom Lobon

Vault maps used:
D:1:      dpeg_arrival_houses_and_road, due_unseen_surprise
D:2:      fedhas_altar_2, lemuel_crystal_altar, hangedman_ru_absence,
          uniq_sigmund
D:4:      nicolae_qazlal_style_of_elements, hangedman_abyss_or_decor_slice
D:5:      nicolae_overflow_hidden_temple, serial_shops, kennysheep_mini,
          first_ration, uniq_pikel, uniq_duvessa
D:6:      minmay_temple_entry_mist, nicolae_ossuary_entry_giza,
          nicolae_dithmenos_the_darkroom, uniq_grinder, uniq_edmund,
          uniq_prince_ribbit1
D:7:      cheibriados_altar_1, amethyst_overflow_temple_binary, serial_shops,
          shop, the_bakery, serial_bayou_pond_c
D:8:      kennysheep_little_box
D:9:      lemuel_doored_altar, minmay_lair_entry_grove, ebering_ghost_xom,
          kennysheep_another_room, st_stairs_10, grunt_decor_cap, uniq_grum
D:10:     serial_ice, serial_ice_j, serial_ice_g, serial_ice_n, serial_ice_o,
          serial_ice_d, serial_ice_f, uniq_psyche
D:11:     orc_0_dummy, uniq_fannar, uniq_josephine
D:12:     basic_altar, kennysheep_kite_vault, uniq_kirke
D:13:     david_vaults_4, serial_shops, shop, ebering_ghost_inner_flame,
          evilmike_surprise_oklob
D:14:     dk_noncrumbling_4
D:15:     hangedman_depths_entry_try_elsewhere_first, serial_shops, shop,
          portal_ice_cave_entry_ice_beasts, chequers_serial_rivers_small_3,
          uniq_roxanne
Temple:   nicolae_temple_x_marks_the_god
Lair:1:   chequers_serial_rivers_room_b, chequers_serial_rivers_large_a,
          beast_lair_carwin_4, infiniplex_staircase_pool
Lair:2:   zaba_antful_of_joy, grunt_megastairs_2
Lair:3:   spider_nest_entry_funnel_web, maelrawn_ghost_labyrinth_escape,
          gammafunk_lair_bear_cave
Lair:4:   minmay_swamp_entry_worms, ebering_ghost_inner_flame
Lair:5:   grunt_megastairs_3
Lair:6:   hangedman_lair_caniforms_friends, dpeg_slime_entry_enclosed_altar
Swamp:1:  evilmike_swamp_ruin_rubble_1
Swamp:2:  hangedman_swamp_pad, swamp_pool3
Swamp:3:  evilmike_swamp_ruin_house_5
Swamp:4:  swamp_basic_johnstein, swamp_pool1, uniq_nikola
Spider:1: nicolae_spider_mines_3, uniq_jorgrun
Spider:2: spider_trap, uniq_arachne
Spider:4: grunt_spider_rune_parallel
Slime:1:  cheibrodos_slime_lost_civilization_5
Orc:1:    basic_altar
Orc:2:    st_orc_elflike, statue_in_the_mist_lemuel
Elf:1:    eino_elf_arrival_sip, serial_shops, shop_fountains, minivault_28,
          serial_sigils_hangedman_writhe
Elf:2:    minmay_shoptagon, uniq_azrael
Elf:3:    minmay_elf_hall, uniq_donald
Vaults:1: v_rooms_1, v_misc_2, v_misc_9, nicolae_vaults_yaktaur_gun_rack,
          ontoclasm_vaults_ring_small, hangedman_vaults_corner_blocks,
          nicolae_vaults_little_squares_3, dpeg_vaults_waves,
          ontoclasm_vaults_decontamination, nicolae_vaults_mini_display_case,
          v_misc_2, nicolae_vaults_little_squares_1, vaults_dpeg_diagonal,
          serial_shops, bzr_entry_islet
Vaults:2: v_alt_pattern_3, vaults_room_fours, st_more_cells,
          ontoclasm_vaults_fault, nicolae_vaults_little_squares_5, v_rooms_2,
          nicolae_vaults_circle_grid_a, vaults_room_grid,
          vaults_standard_mumra_enter_the_diamond, v_misc_33,
          ontoclasm_vaults_ligature, nicolae_vaults_little_ls,
          vaults_room_stairs_pillars, minmay_crypt_entry_necro_gods,
          nicolae_vaults_little_squares_6, v_misc_18, vaults_mumra_hex,
          serial_shops, nicolae_shop_behind_doors
Vaults:3: vaults_room_pools, ontoclasm_vaults_hangar, nicolae_vaults_minivaults,
          ontoclasm_vaults_claustrophobia, serial_ice_h,
          nicolae_vaults_asterisk, nicolae_vaults_border_crossing,
          vaults_room_hallway, vaults_room_semicircle, serial_shops, shop,
          basic_altar, uniq_mennas
Vaults:4: v_pattern_1, nicolae_vaults_disjoint_gnomons, v_misc_22,
          grunt_vaults_swirl, ontoclasm_vaults_twist, grunt_vaults_funnel,
          ontoclasm_vaults_tryst, nicolae_vaults_diagonal_hallway_6,
          vaults_room_pools, nicolae_vaults_windows_and_doors_thing,
          vaults_mumra_minichess_inversion, v_misc_23, vaults_room_ringed_pool,
          ontoclasm_vaults_gateway
Vaults:5: serial_shops
Crypt:1:  serial_glass, glass_columns_a, glass_columns_a,
          gammafunk_ghost_cemetery, minmay_misc_feat_columns
Crypt:3:  evilmike_haunted_forest
Depths:1: hell_entry, hangedman_decor_riveting, abyss_entry_crystal,
          serial_shops, shop, okawaru_ov_weapons_minmay
Depths:2: minmay_the_grid_triangle_9x9_line_8_mashed, lightli_too_deep,
          hangedman_decor_lopped, pan_entry, minmay_staircase_statues_hall_large
Depths:3: pf_snail_temple, hangedman_geh_valley, minmay_misc_feat_tiny,
          rand_demon_pan_entry_9, evilmike_spriggan_trog_shrine,
          minmay_staircase_bubble
Depths:4: box_level_dp, abyss_entry, hell_entry, uniq_sojobo
Depths:5: grunt_zot_entry_bicorn, enter_ziggurat_c, abyss_entry, hell_entry,
          roderic_roman_lattice
Dis:2:    hangedman_dis_decor_blocks_crown, nicolae_dis_strange_trophy_room,
          hangedman_dis_chains, hangedman_dis_decor_blocks_talon
Dis:3:    evilmike_ambush
Dis:7:    iron_city_of_dis
Geh:5:    evilmike_ambush
Geh:7:    geh_old
Coc:7:    coc_hangedman
Tar:3:    nicolae_tar_cuneiform_bread, nicolae_tar_cuneiform_city
Tar:7:    tar_mu
Zot:2:    grunt_ministairs_7
Abyss:3:  small_statue_intersection, evilmike_abyss_exit_10
Abyss:4:  evilmike_abyss_exit_mutagenic, nicolae_abyss_rune_star_stuff,
          hangedman_stitches_earthworm
Abyss:5:  evilmike_abyss_rune_tso_outpost, evilmike_abyss_exit_13
Pan:      grunt_pan_in_and_out, grunt_pan_pentagram,
          evilmike_mini_pan_other_thingy, pan_blood_fountain_small,
          nicolae_pan_gloorx_vloqian_1, evilmike_mini_pan_layers,
          evilmike_mini_pan_thingy, pan_blood_fountain_small,
          gloorx_vloq_grunt_torture_chamber, evilmike_mini_pan_corridor,
          pan_blood_fountain_2, nicolae_pan_sigil_obb,
          evilmike_mini_pan_pillars_b, nicolae_pan_cerebovesque_2,
          reaverb_pan_squares, evilmike_mini_pan_pillars_b, lom_lobon_spiral_st
Bazaar:   bazaar_jpeg_cross
Ossuary:  ossuary_zaba_two_paths
IceCv:    ice_cave_caverns_03

Skill      XL: |  1  2  3  4  5  6  7  8  9 10 11 12 13 14 15 16 17 18 19 20 21 22 23 24 25 26 27 |
---------------+----------------------------------------------------------------------------------+-----
Axes           | 2 3 4 6 7 9 10 12 13 14 15 16 17 18 19 20 21 27 | 27.0
Armour         | 3 4 5 6 7 8 9 10 11 20 | 20.5
Shields        | 3 4 5 6 7 8 9 10 11 12 13 14 15 16 18 19 27 | 27.0
Dodging        | 1 2 3 4 5 6 9 15 16 19 21 22 23 26 | 26.4
Fighting       | 4 5 6 7 8 9 10 11 13 14 15 16 17 18 19 27 | 27.0
Stealth        | 1 2 3 4 6 7 9 |  9.7
Invocations    | 1 2 3 4 10 | 10.0
Polearms       | 5 7 |  7.6
Evocations     | |  0.4

Action                   |  1- 3 |  4- 6 |  7- 9 | 10-12 | 13-15 | 16-18 | 19-21 | 22-24 | 25-27 || total
-------------------------+-------+-------+-------+-------+-------+-------+-------+-------+-------++-------
Melee: War axe           |    95 |   114 |   479 |   584 |       |   140 |  1128 |   913 |  2858 ||  6311
       Headbutt          |       |       |    58 |   248 |   387 |   276 |   433 |   493 |  2727 ||  4622
       Trident           |       |       |       |   182 |   375 |       |       |       |       ||   557
       Broad axe         |       |       |       |   114 |   901 |   765 |       |   481 |  3743 ||  6004
Invok: Heroism           |       |       |       |    18 |     6 |    10 |     9 |     3 |    21 ||    67
       Finesse           |       |       |       |       |     3 |     2 |       |     2 |    21 ||    28
Evoke: Wand              |       |       |       |       |     1 |       |       |       |     1 ||     2
  Use: Scroll            |       |     2 |    10 |     3 |    21 |     3 |     6 |    11 |    29 ||    85
       Potion            |       |       |       |     2 |       |       |     9 |     4 |    25 ||    40
 Stab: Sleeping          |       |       |     5 |     4 |     2 |       |    15 |     4 |    20 ||    50
       Distracted        |       |       |     1 |     1 |     1 |     2 |     7 |     3 |    14 ||    29
       Petrified         |       |       |       |       |     7 |       |       |       |       ||     7
       Petrifying        |       |       |       |       |     1 |       |       |       |       ||     1
       Confused          |       |       |       |       |       |       |       |     3 |       ||     3
  Eat: Chunk             |       |     7 |    13 |    32 |    33 |    26 |    30 |    28 |    53 ||   222
       Ration            |       |       |     2 |       |     2 |     1 |     1 |     3 |    16 ||    25
Armor: Scale mail        |    51 |    45 |    45 |       |       |       |       |       |       ||   141
       Leather armour    |       |       |    84 |   165 |    15 |       |    78 |       |    79 ||   421
       Chain mail        |       |       |       |       |   308 |   126 |     8 |   132 |   169 ||   743
       Acid dragon scale |       |       |       |       |       |       |     2 |    15 |       ||    17
       Gold dragon scale |       |       |       |       |       |       |       |       |   907 ||   907
Dodge: Dodged            |    32 |    46 |   167 |   429 |   418 |   266 |   580 |   615 |  2921 ||  5474
Block: Shield            |    56 |    63 |   225 |   485 |   408 |       |   462 |  1265 |  5054 ||  8018
       Reflection        |       |       |       |       |    40 |   138 |    66 |   120 |    30 ||   394
       Large shield      |       |       |       |       |   605 |   820 |   575 |       |       ||  2000

Table legend:
 A = Non-vault XP
 B = Vault XP
 C = Vault XP percentage of total XP
 D = Non-vault monster count
 E = Vault monster count
 F = Vault count percentage of total count
                 A         B        C        D         E       F
            +---------+---------+-------+---------+---------+-------
      Total | 1995969 | 1341088 |  40.2 |    3258 |    1563 |  32.4
            +---------+---------+-------+---------+---------+-------
        D:1 |      98 |       0 |   0.0 |      35 |       0 |   0.0
        D:2 |     161 |     223 |  58.1 |      24 |       1 |   4.0
        D:3 |      14 |       0 |   0.0 |       9 |       0 |   0.0
        D:4 |     466 |     629 |  57.4 |      14 |       1 |   6.7
        D:5 |     670 |     225 |  25.1 |      18 |       2 |  10.0
        D:6 |    1132 |     712 |  38.6 |      25 |       6 |  19.4
        D:7 |    1037 |     220 |  17.5 |      21 |       1 |   4.5
        D:8 |    1188 |     642 |  35.1 |      22 |       3 |  12.0
        D:9 |    3813 |    2983 |  43.9 |      45 |      15 |  25.0
       D:10 |    3141 |    1097 |  25.9 |      16 |      12 |  42.9
       D:11 |    3334 |    2719 |  44.9 |      26 |       5 |  16.1
       D:12 |    2857 |    6157 |  68.3 |      31 |      19 |  38.0
       D:13 |    6639 |    3828 |  36.6 |      43 |       6 |  12.2
       D:14 |   12568 |       0 |   0.0 |      33 |       0 |   0.0
       D:15 |   28165 |    6115 |  17.8 |      80 |      13 |  14.0
     Lair:1 |    4216 |    1907 |  31.1 |      22 |       6 |  21.4
     Lair:2 |    1368 |    5779 |  80.9 |       7 |      40 |  85.1
     Lair:3 |    4677 |    4029 |  46.3 |      20 |       8 |  28.6
     Lair:4 |    7054 |    2076 |  22.7 |      26 |       4 |  13.3
     Lair:5 |    3120 |    1621 |  34.2 |      12 |       6 |  33.3
     Lair:6 |    6674 |   10306 |  60.7 |      19 |      56 |  74.7
    Swamp:1 |    1680 |       0 |   0.0 |       6 |       0 |   0.0
    Swamp:2 |    7815 |       0 |   0.0 |      21 |       0 |   0.0
    Swamp:3 |    9742 |       0 |   0.0 |      29 |       0 |   0.0
    Swamp:4 |   11830 |   23115 |  66.1 |      33 |      29 |  46.8
   Spider:1 |    7848 |    6977 |  47.1 |      22 |      11 |  33.3
   Spider:2 |   10575 |    3240 |  23.5 |      18 |       1 |   5.3
   Spider:3 |    8246 |       0 |   0.0 |      19 |       0 |   0.0
   Spider:4 |   24736 |   23613 |  48.8 |      73 |      48 |  39.7
    Slime:1 |    4322 |       0 |   0.0 |       3 |       0 |   0.0
    Slime:2 |     524 |       0 |   0.0 |       1 |       0 |   0.0
    Slime:3 |    6807 |       0 |   0.0 |      12 |       0 |   0.0
    Slime:4 |    6099 |       0 |   0.0 |       6 |       0 |   0.0
    Slime:5 |   16942 |   30512 |  64.3 |      29 |      12 |  29.3
      Orc:1 |    2938 |       0 |   0.0 |      39 |       0 |   0.0
      Orc:2 |    4324 |    8349 |  65.9 |      45 |      25 |  35.7
      Elf:1 |   20943 |    5735 |  21.5 |      32 |      13 |  28.9
      Elf:2 |   20442 |   25723 |  55.7 |      36 |      37 |  50.7
      Elf:3 |   26894 |   45180 |  62.7 |      39 |      27 |  40.9
   Vaults:1 |   26637 |   20612 |  43.6 |      58 |      34 |  37.0
   Vaults:2 |   38507 |   19950 |  34.1 |      42 |      29 |  40.8
   Vaults:3 |   34805 |   38797 |  52.7 |      61 |      33 |  35.1
   Vaults:4 |   17487 |   28252 |  61.8 |      26 |      41 |  61.2
   Vaults:5 |   33992 |  125707 |  78.7 |      58 |      93 |  61.6
    Crypt:1 |   18931 |    8413 |  30.8 |      33 |       2 |   5.7
    Crypt:2 |    9641 |       0 |   0.0 |      19 |       0 |   0.0
    Crypt:3 |       0 |   67492 | 100.0 |       0 |     109 | 100.0
   Depths:1 |   21299 |       0 |   0.0 |      22 |       0 |   0.0
   Depths:2 |   25546 |   33129 |  56.5 |      29 |      22 |  43.1
   Depths:3 |   39576 |   47512 |  54.6 |      41 |      53 |  56.4
   Depths:4 |   65074 |   95756 |  59.5 |      86 |      73 |  45.9
   Depths:5 |   27474 |   24080 |  46.7 |      36 |      14 |  28.0
       Hell |   25102 |   21206 |  45.8 |      27 |      37 |  57.8
      Dis:1 |    4772 |       0 |   0.0 |      14 |       0 |   0.0
      Dis:2 |   14934 |       0 |   0.0 |      22 |       0 |   0.0
      Dis:3 |   17142 |   12285 |  41.7 |      45 |      21 |  31.8
      Dis:4 |    2335 |       0 |   0.0 |       7 |       0 |   0.0
      Dis:5 |   23147 |       0 |   0.0 |      38 |       0 |   0.0
      Dis:6 |   10884 |     294 |   2.6 |      17 |       1 |   5.6
      Dis:7 |   93587 |  120937 |  56.4 |      96 |      88 |  47.8
      Geh:1 |   29445 |       0 |   0.0 |      63 |       0 |   0.0
      Geh:2 |   24582 |       0 |   0.0 |      46 |       0 |   0.0
      Geh:3 |   44133 |       0 |   0.0 |      93 |       0 |   0.0
      Geh:4 |    4468 |       0 |   0.0 |      14 |       0 |   0.0
      Geh:5 |   12743 |    9933 |  43.8 |      29 |      24 |  45.3
      Geh:6 |   12642 |       0 |   0.0 |      21 |       0 |   0.0
      Geh:7 |   48185 |   52664 |  52.2 |      99 |      38 |  27.7
      Coc:1 |     581 |       0 |   0.0 |       2 |       0 |   0.0
      Coc:2 |   11129 |       0 |   0.0 |      19 |       0 |   0.0
      Coc:3 |    2460 |       0 |   0.0 |       9 |       0 |   0.0
      Coc:4 |   41117 |       0 |   0.0 |      48 |       0 |   0.0
      Coc:5 |   25718 |       0 |   0.0 |      31 |       0 |   0.0
      Coc:6 |   10607 |       0 |   0.0 |      30 |       0 |   0.0
      Coc:7 |  107393 |   86630 |  44.6 |      92 |      80 |  46.5
      Tar:1 |   32706 |       0 |   0.0 |      38 |       0 |   0.0
      Tar:2 |   27565 |       0 |   0.0 |      34 |       0 |   0.0
      Tar:3 |    6912 |       0 |   0.0 |      11 |       0 |   0.0
      Tar:4 |   43908 |       0 |   0.0 |      44 |       0 |   0.0
      Tar:5 |   22558 |       0 |   0.0 |      18 |       0 |   0.0
      Tar:6 |    5563 |       0 |   0.0 |       3 |       0 |   0.0
      Tar:7 |  105461 |   91599 |  46.5 |     124 |      54 |  30.3
      Zot:1 |   32046 |       0 |   0.0 |      18 |       0 |   0.0
      Zot:2 |   37956 |    4647 |  10.9 |      23 |       2 |   8.0
      Zot:3 |   44406 |       0 |   0.0 |      25 |       0 |   0.0
      Zot:4 |   68073 |       0 |   0.0 |      36 |       0 |   0.0
    Abyss:2 |    5145 |       0 |   0.0 |      11 |       0 |   0.0
    Abyss:3 |    2977 |    5202 |  63.6 |       5 |      13 |  72.2
    Abyss:4 |   16098 |    7014 |  30.3 |      37 |      14 |  27.5
    Abyss:5 |   64603 |   23844 |  27.0 |     122 |      57 |  31.8
        Pan |  268818 |  159129 |  37.2 |     325 |     113 |  25.8
    Ossuary |       0 |     258 | 100.0 |       0 |      65 | 100.0
      IceCv |       0 |   12034 | 100.0 |       0 |      46 | 100.0
            +---------+---------+-------+---------+---------+-------
